 Dungeon Crawl Stone Soup version 0.26-b1-59-ge38874ec40 (webtiles) character file.

Game seed: 11707415755422826363

4844 pokeman the Thaumaturge (level 10, -4/56 HPs)
             Began as a Deep Elf Hedge Wizard on Jan 8, 2021.
             Was a Follower of Vehumet.
             Slain by a red ugly thing (5 damage)
             ... on level 9 of the Dungeon.
             The game lasted 00:24:01 (11413 turns).

pokeman the Thaumaturge (Deep Elf Hedge Wizard)    Turns: 11413, Time: 00:24:02

Health: -4/56      AC: 13    Str: 10    XL:     10   Next: 25%
Magic:  22/28      EV: 11    Int: 23    God:    Vehumet [*.....]
Gold:   376        SH:  0    Dex: 14    Spells: 22/34 levels left

rFire    + . .     SeeInvis .   u - +2 flail (drain)
rCold    . . .     Faith    .   (no shield)
rNeg     . . .     Spirit   .   M - +1 ring mail of the Past {rF+ rCorr Str+3} (curse)
rPois    .         Reflect  .   b - +0 helmet
rElec    .         Harm     .   x - +2 cloak
rCorr    +         Rampage  .   D - +0 pair of gloves
Will     +....     Rnd*Tele +   n - +0 pair of boots
Stlth    ++........             (no amulet)
HPRegen  0.18/turn              d - ring of teleportation (curse)
MPRegen  0.21/turn              t - ring of wizardry

@: no status effects
A: no striking features
a: Renounce Religion


You were on level 9 of the Dungeon.
You worshipped Vehumet.
Vehumet was aware of your devotion.
You visited 2 branches of the dungeon, and saw 10 of its levels.

You collected 446 gold pieces.
You spent 70 gold pieces at shops.

Inventory:

Hand Weapons
 u - a +2 flail of draining (weapon)
 B - a +0 shortbow
Missiles
 k - 170 arrows
 p - 35 bolts
Armour
 b - a +0 helmet (worn)
 n - a +0 pair of boots (worn)
 x - a +2 cloak (worn)
 D - a +0 pair of gloves (worn)
 I - a +2 leather armour of willpower
 M - the cursed +1 ring mail of the Past (worn) {rF+ rCorr Str+3}
   (You found it on level 8 of the Dungeon)

   It affects your strength (+3).
   It protects you from fire.
   It provides partial protection from all sources of acid and corrosion.
   It has a curse placed upon it.
Magical Staves
 i - an uncursed staff of earth
 G - an uncursed staff of air
 H - an uncursed staff of cold
Jewellery
 d - a cursed ring of teleportation (left hand)
 g - a +6 ring of dexterity
 m - an uncursed ring of stealth
 r - an uncursed ring of protection from cold
 t - a ring of wizardry (right hand)
 F - an uncursed ring of see invisible
 J - an uncursed ring of willpower
Wands
 C - a wand of polymorph (9)
 K - a wand of iceblast (13)
 N - a wand of disintegration (10)
 O - a wand of random effects (15)
Scrolls
 e - 2 scrolls of enchant weapon {unknown}
 h - 13 scrolls of remove curse {unknown}
 l - 4 scrolls of teleportation {unknown}
 o - 9 scrolls of identify
 s - 2 scrolls of magic mapping {unknown}
 v - 2 scrolls of fog {unknown}
 w - a scroll of fear {unknown}
 y - 2 scrolls of amnesia {unknown}
Potions
 a - 4 potions of magic {unknown}
 c - 8 potions of curing
 f - a potion of resistance {unknown}
 j - 2 potions of lignification {unknown}
 q - 2 potions of invisibility {unknown}
 z - 2 potions of attraction {unknown}
 A - 2 potions of degeneration {unknown}
 E - a potion of berserk rage {unknown}
 L - a potion of might {unknown}


   Skills:
 - Level 4.0 Fighting
 + Level 3.2 Armour
 - Level 3.0 Dodging
 - Level 3.0 Stealth
 * Level 12.8 Spellcasting
 + Level 7.4 Conjurations
 - Level 1.1 Summonings
 - Level 1.1 Translocations
 + Level 6.6 Fire Magic
 - Level 1.1 Air Magic
 - Level 1.1 Poison Magic
 - Level 1.1 Evocations


You had 22 spell levels left.
You knew the following spells:

 Your Spells              Type           Power        Failure   Level
a - Magic Dart            Conj           100%         1%          1
b - Mephitic Cloud        Conj/Pois/Air  29%          3%          3
c - Call Imp              Summ           19%          4%          2
d - Blink                 Tloc           N/A          4%          2
e - Conjure Flame         Conj/Fire      47%          1%          3
f - Foxfire               Conj/Fire      100%         1%          1

Your spell library contained the following spells:

 Spells                   Type           Power        Failure   Level
 Slow                     Hex            14%          6%          2


Dungeon Overview and Level Annotations

Branches:
Dungeon (9/15)             Temple (1/1) D:7            Lair (0/6) D:9
    Orc: D:9-12

Altars:
Elyvilon
Fedhas
Hepliaklqana
Kikubaaqudgha
Makhleb
Nemelex Xobeh
Okawaru
Qazlal
Vehumet
Wu Jian
Xom
Zin
The Shining One

Shops:
D:8 *


Message History

The red ugly thing punches you but does no damage.
The red ugly thing is engulfed in blazing flames.
The red ugly thing punches you but does no damage.
Unknown command.
You hit the red ugly thing.
The red ugly thing is heavily wounded.
The red ugly thing is engulfed in blazing flames.
The red ugly thing punches you!
You are engulfed in flames!
You resist.
* * * LOW HITPOINT WARNING * * *
Unknown command.
You barely miss the red ugly thing.
The red ugly thing is severely wounded.
The red ugly thing is engulfed in blazing flames.
The red ugly thing punches you.
* * * LOW HITPOINT WARNING * * *
You are engulfed in flames.
You resist.
* * * LOW HITPOINT WARNING * * *
The red ugly thing is engulfed in blazing flames.
The red ugly thing punches you.
You die...

###.............# P.PP......#....
#.............# ....P...##....
#..######..#######.....#######.
#..# #..# #.........# #. #..#
#..# #.........# #. #..# #..#
#.........# #.
###..######..#####.........#####.
...........<.....u...............
..........)..[†.@§.....[..u.)....
#..........#######.....)......###
#..........# #............#
#..........# #....<.[.....#
#..........# #.........[..#
#..........# #........u[..#
#..........# #.........(.†#
#..........# #...........<#
############ ##############


You could see a red ugly thing (drained).

Vanquished Creatures
  Joseph (D:8)
  2 komodo dragons
  Sigmund (D:5)
  5 yaks
  2 ice beasts (D:5)
  3 orc warriors
  A necrophage (D:6)
  6 ogres
  2 phantoms
  2 sky beasts
  An eye of draining (D:5)
  3 centaurs
  A big kobold (D:8)
  A bullfrog (D:6)
  A water moccasin skeleton (D:9)
  5 wights (D:6)
  A howler monkey (D:4)
  2 bullfrog zombies (D:5)
  2 jellies
  2 orc priests
  5 hounds
  5 orc wizards
  A centaur skeleton (D:4)
  6 worker ants
  3 iguanas
  A howler monkey zombie (D:6)
  A worker ant zombie (D:8)
  8 adders
  A shadow imp (D:8)
  A white imp (D:8)
  2 ufetubi (D:6)
  An adder zombie (D:8)
  3 adder skeletons (D:4)
  2 worms
  A dart slug (D:4)
  6 leopard geckos
  31 orcs
  8 giant cockroaches
  2 goblins (D:2)
  7 hobgoblins
  14 jackals
  17 kobolds
  A quokka (D:3)
  3 bats
  3 frilled lizards
  A jackal zombie (D:8)
  A leopard gecko skeleton (D:3)
  6 rats
185 creatures vanquished.

Vanquished Creatures (collateral kills)
  An orc (D:3)
1 creature vanquished.

Vanquished Creatures (others)
  80 foxfires
  2 plants (D:9)
  5 toadstools (D:1)
87 creatures vanquished.

Grand Total: 273 creatures vanquished

Notes
Turn   | Place    | Note
-------+----------+-------------------------------------------
     0 | D:1      | pokeman the Deep Elf Hedge Wizard began the quest for the
                  | Orb.
     0 | D:1      | Reached XP level 1. HP: 10/10 MP: 7/7
   355 | D:1      | Reached XP level 2. HP: 15/15 MP: 2/9
  1016 | D:2      | Found a shimmering altar of Xom.
  1141 | D:2      | Reached skill level 5 in Spellcasting
  1195 | D:2      | Reached XP level 3. HP: 20/20 MP: 6/11
  1213 | D:2      | Learned a level 3 spell: Mephitic Cloud
  1216 | D:2      | Learned a level 2 spell: Call Imp
  1219 | D:2      | Learned a level 2 spell: Blink
  1223 | D:2      | Learned a level 3 spell: Conjure Flame
  1418 | D:2      | Reached skill level 1 in Fighting
  1598 | D:2      | Reached skill level 1 in Armour
  1711 | D:2      | Found an iron altar of Okawaru.
  2238 | D:3      | Reached XP level 4. HP: 25/25 MP: 6/13
  2518 | D:3      | Reached skill level 1 in Fire Magic
  2769 | D:3      | Found a glowing golden altar of the Shining One.
  2943 | D:3      | HP: 1/25 [orc priest/nerve-wracking pain (2)]
  3257 | D:3      | Reached skill level 6 in Spellcasting
  3257 | D:3      | Reached XP level 5. HP: 17/29 MP: 5/15
  3444 | D:3      | Found a faded altar of an unknown god.
  3810 | D:3      | Reached skill level 1 in Air Magic
  4454 | D:4      | Noticed an ogre
  4465 | D:4      | Killed an ogre
  4466 | D:4      | Reached skill level 1 in Poison Magic
  4466 | D:4      | Reached XP level 6. HP: 18/34 MP: 7/17
  4471 | D:4      | Reached skill level 7 in Spellcasting
  5030 | D:4      | Reached XP level 7. HP: 26/39 MP: 18/20
  5472 | D:5      | Entered Level 5 of the Dungeon
  5592 | D:5      | Reached skill level 8 in Spellcasting
  5952 | D:5      | Reached skill level 9 in Spellcasting
  5952 | D:5      | Reached XP level 8. HP: 44/44 MP: 7/23
  6181 | D:5      | Noticed Sigmund
  6201 | D:5      | Killed Sigmund
  6384 | D:5      | Reached skill level 5 in Conjurations
  6849 | D:6      | Reached skill level 1 in Evocations
  6876 | D:6      | Reached skill level 10 in Spellcasting
  7443 | D:6      | Found a sparkling altar of Nemelex Xobeh.
  7596 | D:6      | Found an ornate altar of the Wu Jian Council.
  7708 | D:6      | Reached XP level 9. HP: 48/48 MP: 21/25
  7966 | D:7      | Found a stormy altar of Qazlal.
  8142 | D:7      | Found a hazy altar of Hepliaklqana.
  8419 | D:7      | Reached skill level 5 in Fire Magic
  8477 | D:7      | Found a glowing silver altar of Zin.
  8477 | D:7      | Noticed an angel
  8613 | D:7      | Found a staircase to the Ecumenical Temple.
  8622 | Temple   | Entered the Ecumenical Temple
  8658 | Temple   | Became a worshipper of Vehumet
  8775 | D:7      | Reached skill level 11 in Spellcasting
  9048 | D:8      | Noticed Joseph
  9072 | D:8      | Killed Joseph
  9398 | D:8      | Noticed a komodo dragon
  9412 | D:8      | Found Zidedewn's General Store.
  9530 | D:8      | Killed a komodo dragon
  9725 | D:8      | Bought a potion of curing for 42 gold pieces
  9725 | D:8      | Bought a scroll of identify for 28 gold pieces
  9805 | D:8      | Reached skill level 12 in Spellcasting
 10285 | D:8      | Got a distressingly furry ring mail
 10340 | D:8      | Identified the cursed +1 ring mail of the Past {rF+ rCorr
                  | Str+3} (You found it on level 8 of the Dungeon)
 10451 | D:9      | Noticed a komodo dragon
 10465 | D:9      | Killed a komodo dragon
 10545 | D:9      | Reached * piety under Vehumet
 10545 | D:9      | Offered knowledge of Foxfire by Vehumet.
 10549 | D:9      | Learned a level 1 spell: Foxfire
 10588 | D:9      | Reached XP level 10. HP: 56/56 MP: 10/28
 11199 | D:9      | Found a staircase to the Lair.
 11261 | D:9      | Noticed a red ugly thing
 11413 | D:9      | HP: 1/56 [red ugly thing (6)]
 11413 | D:9      | Slain by a red ugly thing

Illustrated notes

Levels and vault maps discovered:
D:1:      ldierk_walled_garden, layout_loops_ring, serial_park_tiny_1
D:2:      layout_basic, kennysheep_okawaru_gauntlet, xom_teletrap_fun
D:3:      layout_basic, chequers_ecumenical_altar_grove,
          nicolae_tso_carved_into_rock
D:4:      layout_loops_ring
D:5:      cheibrodos_fzero, layout_gridville, uniq_sigmund
D:6:      layout_loops_ring, nemelex_xobeh_ov_fountains_minmay,
          nzn_wu_jian_council_hall, minmay_pentangle
D:7:      layout_gridville, kennysheep_little_box, zin_angel,
          nicolae_qazlal_style_of_elements, temple_hall, hangedman_decor_push,
          dk_rats_in_the_wall
D:8:      layout_layer_cave, serial_shops, shop, uniq_joseph
D:9:      layout_small_grid, cheibrodos_ashenzari_chains, kennysheep_mini,
          david_lair_shrubbed
Temple:   oiseaux_autumnal_temple

Skill      XL: |  1  2  3  4  5  6  7  8  9 10 |
---------------+-------------------------------+-----
Spellcasting   | 5 6 7 9 10 12 | 12.8
Fighting       | 1 2 3 4 |  4.0
Armour         | 1 2 3 |  3.2
Conjurations   | 2 3 4 5 7 |  7.4
Fire Magic     | 1 3 4 6 |  6.6
Dodging        | 3 |  3.0
Air Magic      | 1 |  1.1
Stealth        | 3 |  3.0
Poison Magic   | 1 |  1.1
Evocations     | 1 |  1.1
Summonings     | |  1.1
Translocations | |  1.1

Action                   |  1- 3 |  4- 6 |  7- 9 | 10-12 || total
-------------------------+-------+-------+-------+-------++-------
Melee: Dagger            |    36 |     8 |       |       ||    44
       Short sword       |       |    27 |       |       ||    27
       Flail             |       |    32 |    58 |    29 ||   119
 Fire: Shortbow          |       |       |    63 |       ||    63
 Cast: Magic Dart        |    98 |   132 |   270 |       ||   500
       Mephitic Cloud    |       |     6 |    15 |    10 ||    31
       Call Imp          |       |     2 |     1 |       ||     3
       Conjure Flame     |       |     2 |    22 |     2 ||    26
       Foxfire           |       |       |     7 |    38 ||    45
       Blink             |       |       |       |     3 ||     3
Evoke: Wand              |       |       |       |     4 ||     4
 Stab: Sleeping          |     2 |       |       |       ||     2
       Confused          |       |     3 |     4 |     8 ||    15
Armor: Robe              |     9 |       |       |       ||     9
       Leather armour    |    15 |    23 |    30 |       ||    68
       Ring mail         |       |       |    13 |     8 ||    21
Dodge: Dodged            |    59 |    63 |    69 |    13 ||   204
